[Event "Romanian Rapid Open 2022"]
[Site "Sebes"]
[Date "2022.12.02"]
[Round "7.27"]
[White "Ceteras, Marius-Nicolae"]
[Black "Lupulescu, Adrian-Calin"]
[Result "1-0"]
[ECO "E09"]
[WhiteElo "2391"]
[BlackElo "1930"]
[Annotator "TA"]
[PlyCount "93"]
[EventDate "2022.12.02"]
[EventType "rapid"]
[EventCountry "ROU"]
[SourceTitle "playchess.com"]
[Source "ChessBase"]
[SourceQuality "1"]
[TimeControl "600+5"]

1. d4 d5 2. c4 e6 3. Nf3 c6 4. Qc2 Nf6 5. Nbd2 Nbd7 6. g3 Be7 7. Bg2 O-O 8. O-O b6 9. e4 dxe4 10. Nxe4 Bb7 11. Rd1 Qc8 12. Nxf6+ Nxf6 13. c5 {[%emt 0:00:03] E09: Closed Catalan: Main Line: 7 Qc2 c6 8 Nbd2.} bxc5 14. dxc5 Rd8 {[%emt 0:00:22] [#]} 15. Be3 $146 {[%emt 0:01:42] White is slightly better.} ({Predecessor:} 15. Bd2 a5 16. a3 Nd5 17. Ng5 g6 18. Rac1 a4 19. Qe4 h6 20. Nf3 Bf8 21. Ne5 {0-1 (35) Kozak,M (2213)-Vojtech,J (2115) Czech Republic 2011}) 15... Nd5 16. Bd4 (16. Bg5 $5 ) 16... Bf6 (16... Qc7 $14) 17. Bxf6 $16 Nxf6 18. Ne5 Qc7 19. f4 {[%emt 0:00:06] White is much more active.} Nd5 20. Qf2 {[%emt 0:01:17] Prevents Ne3.} a5 (20... Ba6 $14) 21. Nc4 Ba6 22. Nd6 Rxd6 (22... Rab8 $16 {was called for.}) 23. cxd6 $18 Qxd6 24. Rac1 Rb8 (24... Bb7 $142 25. Qb6 Qb8) 25. Rd2 a4 26. Qc5 {[%emt 0:00:44] Inhibits g6.} Qxc5+ 27. Rxc5 Bb5 28. Kf2 g6 29. Bf1 (29. Kf3 $16) 29... Kg7 (29... Nf6 $1 $11 {keeps the balance.} 30. Bg2 h5) 30. Bxb5 $16 cxb5 {[%emt 0:00:01][%mdl 4096] Endgame KRR-KRN} 31. Rd4 Kf6 32. Ke2 h5 33. Kd2 h4 34. a3 ({Don't take} 34. gxh4 Ke7 $14) 34... hxg3 35. hxg3 g5 ({Better is} 35... Ke7) 36. fxg5+ Kxg5 (36... Kg6 $16 37. Rh4 Kg7) 37. Rb4 $18 f5 38. Rbxb5 Rd8 39. Ke2 Kg4 40. Kf2 {[%emt 0:00:01] Rc4+ is the strong threat.} Nf6 {[%emt 0:00:08] [#] Threatens to win with ...Ne4+.} 41. Rc4+ Ne4+ 42. Rxe4+ $2 fxe4 $11 43. Ke3 Kxg3 44. Rb4 Rd3+ 45. Kxe4 Rb3 {[%emt 0:00:04][%mdl 8192] [#]} (45... Rd2 $11) 46. Rxb3+ ({Not} 46. Rxa4 Rxb2 47. Ke5 Re2+ 48. Re4 Ra2 $11) 46... axb3 47. a4 {[%emt 0:00:02] Weighted Error Value: White=0.28 (precise) /Black=0.46} 1-0

[Event "Romanian Rapid Open 2022"]
[Site "Sebes"]
[Date "2022.12.02"]
[Round "7.28"]
[White "Kedves, Lorand"]
[Black "Cordea, David"]
[Result "0-1"]
[ECO "A48"]
[WhiteElo "1641"]
[BlackElo "2049"]
[Annotator "TA"]
[PlyCount "102"]
[EventDate "2022.12.02"]
[EventType "rapid"]
[EventCountry "ROU"]
[SourceTitle "playchess.com"]
[Source "ChessBase"]
[SourceQuality "1"]
[TimeControl "600+5"]

1. d4 Nf6 2. Bf4 g6 3. e3 Bg7 4. h3 O-O 5. Nf3 c5 6. c3 b6 7. Nbd2 Bb7 8. Be2 d6 9. O-O Nbd7 10. Rc1 Re8 {[%emt 0:00:17] A48: 1 d4 Nf6 2 Nf3 g6: Torre, London and Colle Systems.} 11. Bg3 {[%emt 0:00:04] [#]} (11. Qb3 {seems wilder.} e5 12. dxe5 Nxe5 13. Rfd1) 11... e5 $146 ({Predecessor:} 11... d5 12. Bb5 cxd4 13. cxd4 Rc8 14. Qa4 Ne4 15. Bxd7 {1-0 (15) Klawitter,B (1146)-Lauer,F (1044) LSS email 2012}) 12. dxe5 Nxe5 {[%emt 0:00:05] The position is equal.} 13. Nxe5 dxe5 14. Bf3 e4 (14... Bxf3 $11 {was preferrable.} 15. Nxf3 e4) 15. Be2 $14 Qe7 16. Qb3 Rad8 17. Rcd1 (17. Rfd1 $14 {should be considered.}) 17... Rd5 ({Better is} 17... Nd7 $11) 18. Bc4 Rdd8 19. Bb5 Rf8 20. Bh4 (20. Qa3 $5 ) 20... a6 (20... Rd5 $11 {keeps the balance.}) 21. Be2 $16 Qc7 (21... b5 $16) 22. Bg3 $1 $18 Qc6 23. Nc4 $1 Nd5 {[%emt 0:00:07] [#]} (23... b5 $142) 24. Ne5 $2 (24. Nd6 $1 $18 ) 24... Qe6 $11 25. Nc4 {[%emt 0:00:27][%cal Oc4d6] aiming for Nd6!} b5 26. Na5 Ba8 {[%emt 0:00:13] Black wants to play ...Qb6.} 27. c4 Qb6 $1 28. cxd5 (28. Bh4 $1 $11 f6 29. cxd5 Qxa5 30. Bg4) 28... Qxa5 $17 29. a3 (29. d6 $142) 29... c4 30. Qc2 Bxd5 31. Rd2 $2 (31. Bh4 $17) 31... c3 $19 32. bxc3 Bxc3 ({Not} 32... Qxa3 33. c4 bxc4 34. Rfd1 $17) 33. Rdd1 Qxa3 34. Qb1 Bf6 35. Bc7 Rd7 36. Bb6 Rb8 37. Bg4 Ba2 38. Bc5 (38. Qc1 {was the only chance.} Qxc1 39. Rxc1) 38... Bxb1 39. Bxa3 Rxd1 40. Rxd1 Bd3 {[%emt 0:00:03] Threatens to win with ...b4.} 41. Bd6 Rb6 42. Bc7 Rb7 43. Ba5 b4 44. Rc1 b3 {[%emt 0:00:14] Hoping for ...b2.} 45. Rc8+ Kg7 46. Rc1 b2 47. Rd1 b1=Q {[%emt 0:00:03] ( -> ...Qa2)} 48. Rxb1 Rxb1+ 49. Kh2 Ra1 {[%emt 0:00:07] Black is clearly winning.} 50. Bb6 a5 51. Bd7 Be5+ {[%emt 0:00:04] What a bad dream for White.   Weighted Error Value: White=0.82/Black=0.15 (very precise)} 0-1

[Event "Romanian Rapid Open 2022"]
[Site "Sebes"]
[Date "2022.12.02"]
[Round "7.29"]
[White "Ambru, Dan-Calin"]
[Black "Sulita, Vlad-Petre"]
[Result "1-0"]
[ECO "A50"]
[WhiteElo "1957"]
[BlackElo "1632"]
[Annotator "TA"]
[PlyCount "83"]
[EventDate "2022.12.02"]
[EventType "rapid"]
[EventCountry "ROU"]
[SourceTitle "playchess.com"]
[Source "ChessBase"]
[SourceQuality "1"]
[TimeControl "600+5"]

1. d4 Nf6 2. c4 a6 3. Nc3 b5 4. cxb5 axb5 5. Nxb5 e5 (5... e6 $11) 6. dxe5 $16 {[%emt 0:00:27] A50: Queen's Fianchetto Defence (1 d4 Nf6 2 c4 b6).} Ne4 7. Nc3 Bb4 8. Bd2 {[%emt 0:00:46] White is slightly better.} Nxd2 9. Qxd2 {[%emt 0:00:02] [#]} Qe7 $146 (9... Nc6 $14) ({Predecessor:} 9... Nc6 10. Nf3 O-O 11. e3 Re8 12. Be2 Nxe5 13. O-O Bb7 14. Nxe5 Rxe5 15. f4 Re8 {1-0 (87) Lashkin,J (2399)-Fishbein,A (2411) Chess.com INT 2022}) 10. Nf3 Ba6 (10... Nc6 $142) 11. e3 Bxf1 12. Kxf1 O-O $2 {[%emt 0:00:10][%mdl 8192] [#] Black cannot hold the game after this.} (12... Nc6 $16) 13. Nd5 $1 $18 Qc5 14. Nxb4 d6 15. exd6 cxd6 16. Nd4 Nd7 17. Rc1 Qg5 18. f4 Qh6 19. Nf5 Qe6 20. Qd5 Qf6 21. Nd4 Rfe8 22. Kf2 Nc5 23. Rhe1 Rab8 24. a3 Qh4+ 25. Kg1 Qf6 26. g4 h6 27. g5 Qg6 28. Kh1 hxg5 29. Qxg5 Qe4+ 30. Qg2 Qh7 31. f5 Qh6 32. Qf3 Ne4 33. Nd3 Ng5 34. Qg2 Nh3 35. f6 g6 36. Nf5 Qh5 37. Ne7+ Kh7 38. Nf4 Nxf4 39. exf4 {[%emt 0:00:00] White threatens Re3 and mate.} Qh4 40. Qg5 {[%emt 0:00:13][%cal Rg5h4] White mates.} Qh3 {[%emt 0:00:18] [#]} 41. Re3 $3 Qxe3 (41... Qh5 42. Qg2) 42. Qh4# {[%emt 0:00:01] Weighted Error Value: White=0.12 (very precise) /Black=0.61} 1-0

[Event "Romanian Rapid Open 2022"]
[Site "Sebes"]
[Date "2022.12.02"]
[Round "7.30"]
[White "Tarciuc, Ianis-Mihai"]
[Black "Nagy-Elek, Tamas"]
[Result "1-0"]
[ECO "D11"]
[WhiteElo "1642"]
[BlackElo "1976"]
[Annotator "TA"]
[PlyCount "66"]
[EventDate "2022.12.02"]
[EventType "rapid"]
[EventCountry "ROU"]
[SourceTitle "playchess.com"]
[Source "ChessBase"]
[SourceQuality "1"]
[TimeControl "600+5"]

1. c4 c6 2. d4 d5 3. Nf3 Nf6 4. g3 Bf5 5. Bg2 e6 6. Nc3 h6 7. O-O Be7 8. b3 O-O 9. Bb2 Nbd7 10. Ne5 Nxe5 {[%emt 0:00:55] D11: Slav Defence: 3 Nf3 sidelines and 3...Nf6 4 e3 Bg4.} 11. dxe5 Ng4 {[%emt 0:01:21] [#]} 12. cxd5 $146 ({Predecessor:} 12. e4 dxe4 13. Nxe4 Qxd1 14. Raxd1 Bxe4 15. Bxe4 Bc5 16. b4 Nxf2 17. Rxf2 Rad8 18. Rxd8 Bxf2+ 19. Kxf2 Rxd8 {1-0 (52) Scherer,M (2306)-Ketterer,C (2276) Waldshut 2002}) 12... cxd5 {[%emt 0:00:16] White is slightly better.} 13. e4 {[%emt 0:00:37] Against f6} dxe4 14. Nxe4 {[%emt 0:00:16] Threatens to win with h3.} Qb8 {[%emt 0:01:45] [#]} (14... Qb6 $14) 15. Nd6 (15. Qd7 $142 $1 Re8 16. Nd6 Bxd6 17. exd6) 15... Rd8 {[%emt 0:00:29] [#]} (15... Bxd6 $142 16. exd6 Rd8) 16. Bxb7 $2 {[%emt 0:03:16][%mdl 8192] White is more active.} (16. Nxf5 $1 $16 {and life is bright.} exf5 17. Qe2) 16... Bxd6 $19 17. Bxa8 Bxe5 (17... Bc5 $19 18. Qf3 (18. Qc1 $2 Nxf2 19. Rxf2 Bxf2+ 20. Kxf2 Qxa8 $19) 18... Rd2) 18. Bxe5 $15 Qxa8 (18... Nxe5 $17 19. Qe2 Bd3) 19. Qe2 $11 {[%emt 0:00:44] Bb2 is the strong threat.} Nxe5 20. Qxe5 {[%emt 0:00:04] And now Rfe1 would win.} Bh3 21. f3 $1 Bxf1 22. Rxf1 {[%emt 0:00:03][%mdl 4096] Endgame KQR-KQR} Rd2 23. Rf2 Rd1+ 24. Kg2 Qd8 25. Qe3 a6 26. Qe2 Qd6 27. Qc2 Rd5 (27... g6 {keeps more tension.} 28. Qc8+ Kh7 29. Qc3 Rd3) 28. Qc8+ Kh7 $1 29. Qc2+ Kg8 30. Qc8+ Kh7 $1 31. Qc2+ g6 32. Qc3 h5 33. Rc2 Rd3 {[%emt 0:00:08][%mdl 32768] Weighted Error Value: White=0.27 (precise) /Black=0.28 (precise) . Loss on time!?} 1-0

[Event "Romanian Rapid Open 2022"]
[Site "Sebes"]
[Date "2022.12.02"]
[Round "7.31"]
[White "Iosif, Mihai-Aurelian"]
[Black "Arion, Ilie"]
[Result "0-1"]
[ECO "D00"]
[WhiteElo "1549"]
[BlackElo "1924"]
[Annotator "TA"]
[PlyCount "104"]
[EventDate "2022.12.02"]
[EventType "rapid"]
[EventCountry "ROU"]
[SourceTitle "playchess.com"]
[Source "ChessBase"]
[SourceQuality "1"]
[TimeControl "600+5"]

1. d4 Nf6 2. Nc3 d5 3. Bf4 a6 4. e3 e6 5. Nf3 b5 6. a3 {[%emt 0:00:02] D00: 1 d4 d5: Unusual lines.} Bb7 7. Bd3 c5 8. dxc5 {[%emt 0:00:03] Black has an edge.} Bxc5 9. Ne5 {[%emt 0:00:07] [#]} Nbd7 $146 ({Predecessor:} 9... Bd6 10. Bg3 Qc7 11. f4 Ne4 12. O-O Nxg3 13. hxg3 Bxe5 14. fxe5 Qxe5 15. Qf3 O-O {0-1 (44) Chinasamy,D (1970)-Avila Pavas,S (2453) Chennai 2022}) 10. Nxd7 Qxd7 11. f3 (11. Qf3 $11 {remains equal.}) 11... d4 ({Better is} 11... Nh5 $17 12. Qd2 Nxf4 13. exf4 O-O) 12. Ne4 $15 Nxe4 (12... Bxe4 {feels hotter.} 13. fxe4 dxe3 14. Qe2 O-O) 13. Bxe4 Bxe4 (13... dxe3 $2 14. Qxd7+ Kxd7 15. Bxb7 $18) 14. fxe4 O-O ({Of course not} 14... dxe3 $6 15. Qxd7+ Kxd7 16. Ke2 $11) ({Black should play} 14... Qc6 $17 15. Qd3 Rd8) 15. exd4 $11 Qxd4 (15... Bxd4 $2 16. c3 $16) 16. Qxd4 Bxd4 17. c3 Bc5 18. O-O-O Rfd8 19. Kc2 Kf8 20. Be5 f6 21. Bd4 Bxd4 22. cxd4 {[%emt 0:00:04][%mdl 4096] Endgame KRR-KRR} (22. Rxd4 $11 Rxd4 23. cxd4) 22... Rac8+ $17 23. Kd3 {[%emt 0:00:01] [#]} Rc4 24. Ke3 b4 {[%emt 0:00:06] Black is more active.} (24... Rc2 $17 25. Rd2 Rxd2 26. Kxd2 Rxd4+ 27. Ke3 Rc4) 25. axb4 Rxb4 26. Rd2 Rdb8 27. Rb1 a5 28. g4 a4 {[%emt 0:00:02] ...a3 is the strong threat.} 29. Ra1 {[%emt 0:00:22] Inhibits a3.} Rb3+ ({Much worse is} 29... Rxb2 $6 30. Rxb2 Rxb2 31. Rxa4 $11) 30. Rd3 {[%emt 0:00:16] [#]} (30. Ke2 $142) 30... Rxb2 (30... R8b4 $1 $17 31. Rxb3 Rxb3+ 32. Ke2 Rxb2+ 33. Kd3 Rb3+ 34. Kc4 Re3) 31. h4 {[%emt 0:00:08] White does not recover from this.} (31. Rxa4 $15 Rxh2 32. Kf4) 31... R8b4 32. d5 (32. h5 $142) 32... exd5 33. exd5 (33. Rxd5 Rg2 34. g5) 33... Rxg4 $19 34. d6 Rxh4 {[%emt 0:00:37] aiming for ...Rh3+.} 35. Rc1 $2 (35. Rdd1 Rb8 36. Kf2) 35... Rh3+ 36. Kd4 Rxd3+ 37. Kxd3 {[%emt 0:00:01] KR-KR} Rb6 38. Rc8+ Kf7 39. Rc7+ Ke6 40. Rxg7 Rxd6+ 41. Kc3 h5 42. Ra7 Kf5 {[%emt 0:00:11][%cal Oa4a3] Strongly threatening ...a3!} 43. Rxa4 Kg5 44. Ra8 f5 45. Rg8+ Rg6 46. Ra8 h4 47. Kd3 Kg4 48. Ke2 h3 $2 (48... Kg3 {mates} 49. Ra5 f4 50. Ra3+ Kg2 51. Ke1 f3 52. Ra2+ Kg1 53. Ra1 Rg2 54. Ra4 f2+ 55. Ke2 f1=Q+ 56. Ke3 Qc1+ 57. Kf3 Rg3+ 58. Ke4 Qe3+ 59. Kd5 Rg5+ 60. Kd6 Qb6+ 61. Ke7 Rg7+ 62. Kf8 Qf6+ 63. Ke8 Qe7#) 49. Rh8 $2 (49. Kf2 $19) 49... Ra6 {[%emt 0:00:14] Black mates.} 50. Rg8+ Kf4 51. Rh8 Ra2+ 52. Kf1 h2 {[%emt 0:00:02] Weighted Error Value: White=0.91/Black=0.19 (very precise)} 0-1

[Event "Romanian Rapid Open 2022"]
[Site "Sebes"]
[Date "2022.12.02"]
[Round "7.32"]
[White "Borodi, Cosmin-Alin"]
[Black "Pop, Ioan I."]
[Result "1-0"]
[ECO "A35"]
[WhiteElo "1919"]
[BlackElo "1540"]
[Annotator "TA"]
[PlyCount "113"]
[EventDate "2022.12.02"]
[EventType "rapid"]
[EventCountry "ROU"]
[SourceTitle "playchess.com"]
[Source "ChessBase"]
[SourceQuality "1"]
[TimeControl "600+5"]

1. c4 Nf6 2. Nc3 g6 3. Nf3 c5 4. e3 Nc6 5. a3 Bg7 6. Be2 {[%emt 0:00:05][%cal Ob2b4] A35: Symmetrical English: 2 Nc3 Nc6 3 Nf3.} e5 {[%emt 0:00:06] Against b4} 7. Qc2 O-O 8. b3 {[%emt 0:00:03] [#]} b6 $146 ({Predecessor:} 8... d6 9. Bb2 Bf5 10. d3 Re8 11. Nd2 a6 12. h3 Rb8 13. g4 Be6 14. g5 Nd7 {1-0 (41) Mauro Juarez,B (1728)-Rezola Gimenez,G (1468) Tres Cantos 2012}) 9. Bb2 d5 10. cxd5 Nxd5 11. Nxd5 Qxd5 12. Bc4 Qd6 13. h4 (13. O-O $15) 13... Re8 ({Black should play} 13... Bf5 $17 14. Qc3 Na5) 14. Ng5 $11 Nd8 15. h5 (15. Ne4 {simplifies} Qe7 16. h5 Nb7 17. d3) 15... h6 $2 {[%emt 0:00:10] [#]} (15... Bf5 $11 16. Ne4 (16. e4 Bg4 $11) 16... Qc6) 16. Nxf7 $1 $18 Nxf7 17. hxg6 {[%emt 0:00:03][%mdl 64] Pin} (17. Qxg6 $2 {perishes.} Be6 18. d3 Qd7 $19) 17... Be6 {[%emt 0:00:08] And now ...Bxc4 would win.} 18. gxf7+ Bxf7 19. Bxf7+ Kxf7 20. Qf5+ Kg8 21. Rd1 (21. Rh4 $18) 21... Rf8 22. Qg4 Rf7 23. O-O (23. Rh5 $18) 23... Raf8 24. d4 (24. d3 $16) 24... exd4 $14 25. exd4 Qf4 26. Qg6 {[%emt 0:00:00] Strongly threatening dxc5.} Qf5 27. Qg3 (27. Qxf5 $16 Rxf5 28. Ba1) 27... Qf4 (27... Qc2 $5 28. Bc1 Rxf2 29. Bxh6 Rxf1+ 30. Rxf1 Rxf1+ 31. Kxf1 Qd1+ 32. Kf2 Qxd4+ 33. Ke2 Qb2+ 34. Ke1 Qa1+ 35. Ke2 Qb2+ 36. Ke1 Qa1+ 37. Ke2 Qb2+ $11) 28. Qe3 cxd4 ({Black should try} 28... Rd7 $14) 29. Bxd4 $16 Qxe3 30. Bxe3 Rc8 31. Rd3 Kh7 32. g3 Bb2 33. a4 Rg8 34. Rd6 Rg6 35. Rfd1 Be5 36. Rxg6 Kxg6 $18 {[%emt 0:00:01][%mdl 4096] Endgame KRB-KRB} 37. Rd8 (37. f4 $18 Bb2 38. Rd6+ Rf6 39. Rd7) 37... Rc7 (37... h5 $16 38. Kg2 Bb2) 38. Rd5 Bf6 39. Rd6 {[%emt 0:00:00] Black must now prevent Bd4.} Rf7 $2 (39... Kf7 40. Bxh6 Rc3) 40. Bd4 {[%emt 0:00:00] Threatening mate with Rxf6+.} Kf5 41. Rxf6+ Rxf6 42. Bxf6 {[%emt 0:00:00][%cal Og1g2] White wants to mate with Kg2!} Kxf6 {[%emt 0:00:02] KP-KP} 43. Kg2 Ke5 44. f4+ Kf5 45. Kf3 h5 46. b4 a6 47. b5 a5 48. Kg2 Kg4 49. Kh2 $2 (49. Kf2 {mates} Kf5 50. Kf3 Kf6 51. Ke4 Kg7 52. Kd5 Kh6 53. Kc6 Kh7 54. Kxb6) 49... h4 $1 $11 {[%emt 0:00:13] The position is equal.} 50. gxh4 Kxh4 {[%emt 0:00:01] K3P-KPP} 51. f5 (51. Kg2 $5 Kg4 $8 52. f5 Kxf5 53. Kf3 $11) 51... Kg5 {[%emt 0:00:02] Prevents f6.} 52. Kg3 Kxf5 53. Kf3 Ke5 54. Ke3 Kd5 55. Kd3 $1 Kc5 56. Kc3 Kd5 {[%emt 0:00:02] ( -> ...Kc5)} 57. Kd3 {[%emt 0:01:48][%mdl 32768] Black escapes into a draw.   Weighted Error Value: White=0.25 (precise) /Black=0.40. Sensor Board Error (Ke4/e5)?} 1-0

[Event "Romanian Rapid Open 2022"]
[Site "Sebes"]
[Date "2022.12.02"]
[Round "7.34"]
[White "Maresanu, Mina-Andrei"]
[Black "Patilea, Alin-Giani"]
[Result "1/2-1/2"]
[ECO "B56"]
[WhiteElo "1877"]
[BlackElo "1475"]
[Annotator "NA RC COMBH"]
[PlyCount "32"]
[EventDate "2022.12.02"]
[EventType "rapid"]
[EventCountry "ROU"]
[SourceTitle "playchess.com"]
[Source "ChessBase"]
[SourceQuality "1"]
[TimeControl "600+5"]

1. e4 c5 2. Nf3 Nc6 3. Nc3 d6 4. d4 cxd4 5. Nxd4 e5 6. Nb3 Nf6 7. Be3 Be6 8. f3 a6 9. Qd2 Be7 10. g4 Nxg4 11. fxg4 Bh4+ 12. Bf2 Bxg4 13. Rg1 Bg5 14. Be3 Bh4+ 15. Bf2 Bg5 16. Be3 Bh4+ 1/2-1/2

[Event "Romanian Rapid Open 2022"]
[Site "Sebes"]
[Date "2022.12.02"]
[Round "7.35"]
[White "Radu, Robert-Daniel"]
[Black "Tamas, Christian-Arrydan"]
[Result "0-1"]
[ECO "B22"]
[WhiteElo "1510"]
[BlackElo "1917"]
[Annotator "TA"]
[PlyCount "62"]
[EventDate "2022.12.02"]
[EventType "rapid"]
[EventCountry "ROU"]
[SourceTitle "playchess.com"]
[Source "ChessBase"]
[SourceQuality "1"]
[TimeControl "600+5"]

1. e4 c5 2. Nf3 Nc6 3. c3 d5 4. exd5 Qxd5 5. d4 Bf5 6. Bd3 {[%emt 0:00:10] B22: Sicilian: 2 c3.} Nf6 7. O-O Bxd3 8. Qxd3 {[%emt 0:00:03] The position is equal.} e6 9. Na3 {[%emt 0:01:15] [#]} cxd4 $146 {[%emt 0:00:03] next ...e5 is good for Black.} ({Predecessor:} 9... Be7 10. Bf4 O-O 11. Nc2 cxd4 12. c4 Qd7 13. Ne5 Nxe5 14. Bxe5 Rac8 15. Rfd1 Rfd8 {0-1 (28) Greeuw,S (1998)-Chittka,J (2333) Helsingor 2018}) 10. cxd4 (10. Nb5 $5 Rc8 11. Nbxd4 $11) 10... Bxa3 11. bxa3 (11. Qxa3 $11 {remains equal.} Nxd4 12. Nxd4 (12. Qa4+ Nc6 $15) 12... Qxd4 13. Be3) 11... O-O {[%emt 0:00:04] Black is more active.} 12. Be3 Rfd8 13. Rfd1 Qe4 14. Qb5 Ne7 15. Rab1 b6 16. Rbc1 Nf5 17. Ng5 (17. Qa6 $142) 17... Qd5 $17 18. Qb3 Nxe3 19. Qxe3 Qxa2 $40 {[%emt 0:00:07][%mdl 128] Black attacks with force.} 20. Rc7 $2 (20. h3 $17) 20... Nd5 $1 $19 21. Qf3 Nxc7 22. Qxf7+ Kh8 {[%emt 0:00:01] [#] Threatens to win with ...Rf8.} 23. Qxc7 {[%emt 0:00:06] Nf7+ is the strong threat.} Rf8 (23... Qxa3 $2 24. Qc2 (24. Nxe6 Rg8 $17) 24... Kg8 25. Qxh7+ Kf8 26. Qh8+ Ke7 27. Qxg7+ Kd6 28. Qb7 $18) ({Better is} 23... Qe2 $19 24. Qc1 Rac8) 24. f3 $2 (24. Nf7+ $1 $11 {and White is okay.} Kg8 25. Nh6+ Kh8 26. Nf7+ Kg8 27. Nh6+ Kh8 28. Nf7+) 24... Qe2 (24... Qxa3 $2 {loses.} 25. Qe5 Qb3 26. Re1 $19) 25. Rf1 (25. Qc1) 25... Qe3+ 26. Kh1 Qxg5 27. Re1 Rac8 28. Qd6 Qd5 29. Qb4 h6 {[%emt 0:00:00][%cal Of8f3] [#] And now ...Rxf3! would win.} 30. h4 Rf4 31. Kg1 Qxd4+ {[%emt 0:00:00] Black took control after the opening.   Weighted Error Value: White=1.15/Black=0.49} (31... Rc2 $142 32. Re3 Qa2 33. Qe1 Rxg2+ 34. Kf1 Rh2 35. Qg3 Rfxh4 36. Rxe6 Rh1+ 37. Qg1 R4h2 38. Re8+ Kh7 39. Rh8+ Kxh8 40. f4 Qf2#) 0-1

[Event "Romanian Rapid Open 2022"]
[Site "Sebes"]
[Date "2022.12.02"]
[Round "7.36"]
[White "Dobre, Ana-Margareta-Alexan"]
[Black "Santimbrean, Mihnea-Nicolae"]
[Result "1-0"]
[ECO "C06"]
[WhiteElo "1857"]
[BlackElo "1491"]
[Annotator "NA RC COMBH"]
[PlyCount "115"]
[EventDate "2022.12.02"]
[EventType "rapid"]
[EventCountry "ROU"]
[SourceTitle "playchess.com"]
[Source "ChessBase"]
[SourceQuality "1"]
[TimeControl "600+5"]

1. e4 e6 2. d4 d5 3. Nd2 Nf6 4. e5 Nfd7 5. c3 c5 6. Bd3 Qb6 7. Ne2 Nc6 8. Nf3 cxd4 9. cxd4 Bb4+ 10. Bd2 Bxd2+ 11. Qxd2 Qb4 12. O-O Qxd2 13. Nxd2 O-O 14. a3 f6 15. f4 f5 16. b4 Nb6 17. Rac1 Bd7 18. Nb3 a6 19. Nc5 Rab8 20. Nxd7 Nxd7 21. Bxa6 Nxb4 22. Bb5 Nc6 23. Bxc6 bxc6 24. Rxc6 Rb6 25. Rfc1 Rxc6 26. Rxc6 Kf7 27. Rc7 Ke7 28. Nc3 Ra8 29. a4 Kd8 30. Rc6 Ke7 31. Kf2 Ra7 32. Ke3 h6 33. h4 Nb8 34. Rc8 Nd7 35. Rc6 Nb8 36. Rb6 Nd7 37. Rb5 Rc7 38. Kd3 Rc6 39. a5 Ra6 40. Na4 Kd8 41. Nc5 Nxc5+ 42. Rxc5 Kd7 43. Kc3 Ra8 44. Kb4 Rb8+ 45. Rb5 Rc8 46. Rc5 Ra8 47. Kb5 Rb8+ 48. Ka6 Rb4 49. Rb5 Rxd4 50. Kb7 Rc4 51. a6 Rc7+ 52. Kb6 Rc6+ 53. Ka5 Rc7 54. Rb6 Ra7 55. Rd6+ Ke7 56. Kb6 Ra8 57. Kb7 Rf8 58. a7 1-0

[Event "Romanian Rapid Open 2022"]
[Site "Sebes"]
[Date "2022.12.02"]
[Round "7.37"]
[White "Roncea, Ioan-Aurel"]
[Black "Craciun, Ovidiu"]
[Result "0-1"]
[ECO "E90"]
[WhiteElo "1461"]
[BlackElo "1857"]
[Annotator "NA RC COMBH"]
[PlyCount "76"]
[EventDate "2022.12.02"]
[EventType "rapid"]
[EventCountry "ROU"]
[SourceTitle "playchess.com"]
[Source "ChessBase"]
[SourceQuality "1"]
[TimeControl "600+5"]

1. d4 Nf6 2. Nf3 g6 3. c4 Bg7 4. Nc3 O-O 5. e4 d6 6. h3 e5 7. Bg5 c6 8. Be2 Nbd7 9. O-O Re8 10. dxe5 dxe5 11. Qd6 Re6 12. Qd2 Qc7 13. Rad1 Ne8 14. Bh6 Rd6 15. Qc1 Bh8 16. Rxd6 Nxd6 17. Rd1 b6 18. Qd2 Ne8 19. Ne1 Rb8 20. f4 exf4 21. Bxf4 Be5 22. Bxe5 Qxe5 23. Nf3 Qe7 24. b3 Ng7 25. Nd4 Ne5 26. Nf3 Nxf3+ 27. Bxf3 Qc5+ 28. Kh1 Be6 29. Qd6 Qxd6 30. Rxd6 c5 31. Bg4 Bxg4 32. hxg4 Ne6 33. Nb5 a6 34. Nc3 Kg7 35. Nd5 b5 36. Rxa6 bxc4 37. bxc4 Rb2 38. a4 Rc2 0-1

[Event "Romanian Rapid Open 2022"]
[Site "Sebes"]
[Date "2022.12.02"]
[Round "7.38"]
[White "Zaharie, Ioan"]
[Black "Apostu, Rares-Stefan"]
[Result "1-0"]
[ECO "C77"]
[WhiteElo "1704"]
[BlackElo "1331"]
[Annotator "NA RC COMBH"]
[PlyCount "73"]
[EventDate "2022.12.02"]
[EventType "rapid"]
[EventCountry "ROU"]
[SourceTitle "playchess.com"]
[Source "ChessBase"]
[SourceQuality "1"]
[TimeControl "600+5"]

1. e4 e5 2. Nf3 Nc6 3. Bb5 a6 4. Ba4 Nf6 5. d3 b5 6. Bb3 Be7 7. a4 Bb7 8. c3 O-O 9. Qe2 d5 10. exd5 Nxd5 11. O-O Nf4 12. Bxf4 exf4 13. Bc2 Qd5 14. d4 b4 15. Nbd2 bxc3 16. bxc3 Rfe8 17. Rab1 Rab8 18. Rfe1 Qd7 19. Qd3 g6 20. Nc4 Qd5 21. Bb3 Qh5 22. d5 Rbd8 23. Nce5 Nxe5 24. Rxe5 Qh6 25. c4 c6 26. Rbe1 Qf8 27. d6 Bf6 28. Rxe8 Rxe8 29. c5 Rxe1+ 30. Nxe1 Qe8 31. Nf3 g5 32. h3 h5 33. Qg6+ Kf8 34. Qxf6 Kg8 35. Nxg5 Qe1+ 36. Kh2 Qe8 37. Bxf7+ 1-0

[Event "Romanian Rapid Open 2022"]
[Site "Sebes"]
[Date "2022.12.02"]
[Round "7.39"]
[White "Buciuman, Aurel"]
[Black "Vasilca, Cornel"]
[Result "0-1"]
[ECO "A40"]
[WhiteElo "1369"]
[BlackElo "1520"]
[Annotator "NA RC COMBH"]
[PlyCount "56"]
[EventDate "2022.12.02"]
[EventType "rapid"]
[EventCountry "ROU"]
[SourceTitle "playchess.com"]
[Source "ChessBase"]
[SourceQuality "1"]
[TimeControl "600+5"]

1. e4 e5 2. d4 Nc6 3. d5 Nce7 4. c4 d6 5. Nc3 Bd7 6. Nge2 g6 7. Bg5 f5 8. f4 Bh6 9. Bxh6 Nxh6 10. Qd2 exf4 11. Nxf4 Ng4 12. O-O-O O-O 13. h3 Ne5 14. Be2 fxe4 15. Nxe4 Nf5 16. g4 Ng7 17. Nd3 Nxc4 18. Qc3 Ne3 19. Nb4 Nxd1 20. Bxd1 a5 21. Nc2 Rf4 22. Qe3 Qf8 23. g5 Re8 24. Nf6+ Rxf6 25. gxf6 Rxe3 26. fxg7 Qf4 27. Nxe3 Qxe3+ 28. Kc2 Qe4+ 0-1